 Dungeon Crawl Stone Soup version 0.29.0-13-gc9e81de378 (webtiles) character file.

Game seed: 4088378297460026334

1684 Powertoast the Nimble (level 9, -6/72 HPs)
             Began as a Merfolk Gladiator on Sept 10, 2022.
             Was a Follower of Qazlal.
             Mangled by a gnoll bouda
             ... wielding a +0 trident
              (11 damage)
             ... in a bailey.
             The game lasted 00:18:12 (6932 turns).

Powertoast the Nimble (Merfolk Gladiator)           Turns: 6932, Time: 00:18:13

Health: -6/72      AC:  8    Str: 14    XL:     9   Next: 2%
Magic:  9/9        EV: 14    Int:  7    God:    Qazlal [*.....]
Gold:   138        SH:  6    Dex: 20    Spells: 8/8 levels left

rFire   . . .      SeeInvis .   a - +0 long sword
rCold   . . .      Faith    .   (no shield)
rNeg    . . .      Spirit   .   G - +0 scale mail
rPois   .          Reflect  +   c - +0 helmet
rElec   .          Harm     .   s - +0 cloak {rCorr}
rCorr   +          Rampage  .   (no gloves)
Will    .....                   (no boots)
Stlth   ..........              k - amulet of reflection
HPRegen 0.22/turn               f - ring of wizardry
MPRegen 0.11/turn               (no ring)

@: weakened, hasted, very quick
A: (nimble swimmer 2), mertail
a: Renounce Religion


You were in a bailey.
You worshipped Qazlal.
Qazlal was aware of your devotion.
You visited 1 branch of the dungeon, and saw 7 of its levels.
You also visited: Bailey.

You collected 381 gold pieces.
You spent 243 gold pieces at shops.

Inventory:

Hand Weapons
 a - a +0 long sword (weapon)
 p - a +2 vorpal flail
 y - a +2 dagger of venom
Missiles
 d - 4 throwing nets
 e - 9 javelins
 n - 20 poisoned darts (quivered)
Armour
 b - a +0 leather armour
 c - a +0 helmet (worn)
 h - a +0 ring mail
 s - a +0 cloak of preservation (worn)
 G - a +0 scale mail (worn)
Jewellery
 f - a ring of wizardry (left hand)
 k - an amulet of reflection (around neck)
Wands
 K - a wand of flame (7)
Scrolls
 i - 2 scrolls of fog
 j - 2 scrolls of summoning
 o - a scroll of vulnerability {unknown}
 q - 3 scrolls of silence
 t - a scroll of teleportation {unknown}
 v - 3 scrolls of amnesia {unknown}
 B - 2 scrolls of blinking {unknown}
 C - a scroll of fear {unknown}
 E - a scroll of noise {unknown}
 H - a scroll of acquirement {unknown}
 I - a scroll of enchant armour {unknown}
 J - a scroll of immolation {unknown}
 L - a scroll of enchant weapon {unknown}
Potions
 g - a potion of attraction
 l - a potion of degeneration
 r - 3 potions of magic
 u - a potion of curing
 w - a potion of experience {unknown}
 x - 3 potions of cancellation {unknown}
 z - a potion of invisibility {unknown}
 A - 2 potions of brilliance {unknown}
 D - a potion of resistance {unknown}
 F - a potion of mutation {unknown}


   Skills:
 + Level 7.6 Fighting
 + Level 8.7 Long Blades
 - Level 2.0 Throwing
 * Level 8.8 Dodging


You had 8 spell levels left.
You didn't know any spells.
Your spell library contained the following spells:

 Spells                   Type           Power      Damage    Failure   Level
 Apportation              Tloc           0%         N/A       61%         1
 Necrotise                Necr           0%         1d4       61%         1
 Sting                    Tmut/Pois      0%         1d3       61%         1
 Summon Small Mammal      Summ           0%         N/A       61%         1
 Poisonous Vapours        Pois/Air       0%         N/A       75%         2
 Summon Guardian Golem    Hex/Summ       0%         N/A       91%         3
 Cause Fear               Hex            0%         N/A       100%        4
 Olgreb's Toxic Radiance  Pois           0%         N/A       100%        4
 Alistair's Intoxication  Tmut/Pois      0%         N/A       100%        5
 Dragon Form              Tmut           0%         N/A       100%        7
 Orb of Destruction       Conj           0%         9d5       100%        7
 Spellforged Servitor     Conj/Summ      0%         N/A       100%        7
 Dragon's Call            Summ           0%         N/A       100%        9


Dungeon Overview and Level Annotations

Branches:
Dungeon (7/15)             Temple (0/1) D:4          Bailey (1/1)

Altars:
Qazlal
Vehumet
Xom

Shops:
D:6 *:


Innate Abilities, Weirdness & Mutations

((You are very nimble when in or above water. (Stealth+, EV+, Speed+++)))
Your lower body shifts to a powerful aquatic tail in water.


Message History

You feel yourself speed up. The gnoll sergeant closely misses you.
The gnoll bouda hits you from afar with a +0 trident.
The gnoll sergeant hits you with a +0 halberd!
* * * LOW HITPOINT WARNING * * *
The gnoll hits you from afar with a +0 trident.
* * * LOW HITPOINT WARNING * * *
You block the gnoll sergeant's attack.
You see here a hound corpse.
You feel better.
The gnoll bouda gazes fiercely through you!
You feel your attacks grow feeble. You block the gnoll bouda's attack.
The gnoll hits you but does no damage. You block the gnoll sergeant's attack.
You barely miss the gnoll sergeant. You block the gnoll sergeant's attack.
You hit the gnoll sergeant.
The gnoll sergeant is lightly wounded.
The gnoll bouda hits you but does no damage.
The gnoll sergeant closely misses you.
The gnoll hits you from afar with a +0 trident.
* * * LOW HITPOINT WARNING * * *
You block the gnoll sergeant's attack.
You hit the gnoll sergeant.
The gnoll sergeant is lightly wounded.
The gnoll bouda gazes fiercely through you!
You feel as though you will be weak longer.
You block the gnoll bouda's attack.
You slash the gnoll sergeant!
The gnoll sergeant is heavily wounded.
The gnoll sergeant closely misses you. The gnoll closely misses you.
The gnoll sergeant hits you from afar with a +0 halberd!
* * * LOW HITPOINT WARNING * * *
You hit the gnoll sergeant but do no damage.
The gnoll sergeant is heavily wounded.
The gnoll bouda calls upon its god to heal the gnoll sergeant.
The gnoll sergeant is healed somewhat.
You block the gnoll sergeant's attack. You block the gnoll's attack.
The gnoll sergeant barely misses you.
You hit the gnoll sergeant.
The gnoll sergeant is heavily wounded.
The gnoll bouda hits you from afar with a +0 trident!
You die...

................
≈...............
≈≈≈≈≈≈≈...≈≈≈≈≈≈
♣...............
♣♣♣...........♣♣
♣♣..gggg.♣♣♣♣
♣♣♣♣ggg♣♣ ♣♣g♣♣
♣@♣ ♣∩♣ ###


You could see 2 gnoll sergeants, a gnoll bouda and 5 gnolls.

Vanquished Creatures
  Sigmund (D:2)
  An ice beast (D:6)
  A sky beast (D:6)
  2 ogres (D:5)
  A centaur (D:6)
  A kobold brigand (D:7)
  2 bullfrogs
  A necrophage (D:6)
  4 scorpions
  A howler monkey (D:7)
  7 hounds
  A jelly (D:6)
  Crazy Yiuf (D:2)
  An iguana (D:4)
  2 orc wizards
  8 gnolls
  5 adders
  2 white imps (D:6)
  11 orcs
  8 ball pythons
  5 bats (D:2)
  8 endoplasms
  4 giant cockroaches
  6 hobgoblins
  A quokka (D:3)
  2 frilled lizards
  13 goblins
  8 kobolds
  4 rats
112 creatures vanquished.

Notes
Turn   | Place    | Note
-------+----------+-------------------------------------------
     0 | D:1      | Powertoast the Merfolk Gladiator began the quest for the
                  | Orb.
     0 | D:1      | Reached XP level 1. HP: 16/16 MP: 1/1
   426 | D:1      | Reached XP level 2. HP: 19/23 MP: 2/2
  1244 | D:2      | Reached XP level 3. HP: 27/28 MP: 3/3
  1298 | D:2      | Found a faded altar of an unknown god.
  1435 | D:2      | Noticed Sigmund
  1450 | D:2      | Killed Sigmund
  1451 | D:2      | Reached skill level 5 in Long Blades
  1451 | D:2      | Reached skill level 5 in Dodging
  1451 | D:2      | Reached XP level 4. HP: 21/38 MP: 4/4
  1451 | D:2      | Reached XP level 5. HP: 23/43 MP: 5/5
  1865 | D:2      | Found a runed translucent door.
  1866 | D:2      | Noticed Crazy Yiuf
  2088 | D:2      | Killed Crazy Yiuf
  2219 | D:3      | Reached XP level 6. HP: 49/49 MP: 6/6
  2851 | D:3      | Identified the +5 whip of Xaemant {vorpal, rF+ rN+ rCorr}
  3200 | D:4      | Found a stormy altar of Qazlal.
  3225 | D:4      | Became a worshipper of Qazlal Stormbringer
  3526 | D:4      | Reached skill level 5 in Fighting
  3953 | D:4      | Found a staircase to the Ecumenical Temple.
  4175 | D:5      | Entered Level 5 of the Dungeon
  4270 | D:5      | Reached XP level 7. HP: 53/56 MP: 7/7
  4354 | D:5      | Identified the +0 ring mail of Valiance {Int+2}
  4443 | D:5      | Found a radiant altar of Vehumet.
  4449 | D:5      | Found a shimmering altar of Xom.
  5490 | D:5      | Reached XP level 8. HP: 60/65 MP: 8/8
  6332 | D:6      | Identified the +1 leather armour of Adghiob {Harm Int+2}
  6378 | D:6      | Reached * piety under Qazlal
  6423 | D:6      | Found Vesut's Assorted Antiques.
  6447 | D:6      | Bought a scroll labelled APTASTR ICYCI for 27 gold pieces
  6447 | D:6      | Bought a scroll of identify for 54 gold pieces
  6447 | D:6      | Bought a scroll labelled TUANTEEJU for 27 gold pieces
  6447 | D:6      | Bought a short brass wand for 108 gold pieces
  6447 | D:6      | Bought a scroll labelled FIRANO ASKI for 27 gold pieces
  6537 | D:6      | Found Jyqoubb's Book Shoppe.
  6753 | D:7      | Found a flagged portal.
  6792 | Bailey   | Entered a bailey
  6817 | Bailey   | Reached XP level 9. HP: 57/72 MP: 9/9
  6932 | Bailey   | Mangled by a gnoll bouda

Illustrated notes

Levels and vault maps discovered:
D:1:      zaba_arrival_water, layout_rooms
D:2:      layout_loops_ring, basic_ecumenical_altar, minmay_ruptured,
          uniq_sigmund, uniq_crazy_yiuf_cottage
D:3:      layout_basic, minmay_bisected
D:4:      layout_loops_ring, overflow_temple_1_default,
          minmay_temple_entry_grid, amethyst_killhole,
          amcnicky_mini_corridor_feature, kennysheep_potato
D:5:      layout_rooms, grunt_temple_overflow_open
D:6:      layout_rooms, serial_shops, shop, kennysheep_little_box,
          minmay_misc_feat_columns
D:7:      layout_basic, bloody_trog, nemelex_dance_club_becter, enter_bailey_5
Bailey:   bailey_polearm_gnolls_kennysheep, bailey

Skill      XL: |  1  2  3  4  5  6  7  8 |
---------------+-------------------------+-----
Long Blades    | 4 5 6 7 8 |  8.7
Fighting       | 4 5 6 7 |  7.6
Dodging        | 5 6 8 |  8.8
Throwing       | |  2.0

Action                   |  1- 3 |  4- 6 |  7- 9 || total
-------------------------+-------+-------+-------++-------
Melee: Long sword        |    94 |   104 |   235 ||   433
       Punch             |       |     1 |     2 ||     3
Throw: Dart              |     5 |     4 |    22 ||    31
  Use: Potion            |     4 |       |     3 ||     7
       Scroll            |       |     3 |     2 ||     5
Armor: Leather armour    |    10 |       |       ||    10
       Ring mail         |    30 |    29 |    48 ||   107
       Scale mail        |       |       |    33 ||    33
Dodge: Dodged            |    87 |    62 |   200 ||   349
Block: Other             |    18 |    21 |    89 ||   128
       Reflection        |     1 |     1 |     3 ||     5
